 Dungeon Crawl Stone Soup version 0.23-a0-667-gc184e93 (console) character file.

8 Duffy the Firebug (level 2, 18/19 HPs)
             Began as a Demonspawn Fire Elementalist on Jan 8, 2019.
             Quit the game on level 1 of the Dungeon.
             The game lasted 00:00:22 (538 turns).

Duffy the Firebug (Demonspawn Fire Elementalist)     Turns: 538, Time: 00:00:22

Health: 18/19      AC:  2    Str:  8    XL:     2   Next: 0%
Magic:  0/5        EV: 12    Int: 16    God:
Gold:   14         SH:  0    Dex: 13    Spells: 4/5 levels left

rFire    . . .     SeeInvis .   b - +0 whip
rCold    . . .     Gourm    .   (no shield)
rNeg     . . .     Faith    .   a - +0 robe
rPois    .         Spirit   .   (no helmet)
rElec    .         Reflect  .   (no cloak)
rCorr    .         Harm     .   (no gloves)
MR       .....     Rnd*Tele +   (no boots)
Stlth    ++........             (no amulet)
HPRegen  0.06/turn              f - ring of teleportation (curse)
MPRegen  0.09/turn              (no ring)

@: no status effects
A: claws 1
a: no special abilities


You were on level 1 of the Dungeon.
You were not hungry.

You visited 1 branch of the dungeon, and saw 1 of its levels.

You collected 14 gold pieces.

Inventory:

Hand Weapons
 b - a +0 whip (weapon)
Armour
 a - a +0 robe (worn)
Jewellery
 f - a cursed ring of teleportation (left claw)
Potions
 e - a potion of degeneration {unknown}
Comestibles
 c - a ration
 d - a chunk of flesh


   Skills:
 - Level 1.7 Dodging
 - Level 1.7 Stealth
 - Level 2.0 Spellcasting
 + Level 2.1 Conjurations
 - Level 2.6 Fire Magic


You had 4 spell levels left.
You knew the following spells:

 Your Spells              Type           Power        Failure   Level  Hunger
h - Flame Tongue          Conj/Fire      #....        8%          1    #......

Your spell library contained the following spells:

 Spells                   Type           Power        Failure   Level  Hunger
 Throw Flame              Conj/Fire      #.....       12%         2    ###....
 Conjure Flame            Conj/Fire      #.......     24%         3    ###....
 Inner Flame              Hex/Fire       #.......     34%         3    ###....
 Sticky Flame             Conj/Fire      #.......     61%         4    #####..
 Fireball                 Conj/Fire      #.........   91%         5    ######.


Dungeon Overview and Level Annotations

Branches:
Dungeon (1/15)

Altars:


Innate Abilities, Weirdness & Mutations

You have sharp fingernails.


Message History

Aiming: Flame Tongue (safe; 8% risk of failure)
Press: ? - help, Shift-Dir - straight line, f/p - goblin
Aim: a goblin, wielding a +0 dagger The flame tongue hits the goblin.
The goblin is moderately wounded.
Casting: Flame Tongue (safe; 8% risk of failure)
Confirm with . or Enter, or press ? or * to list all spells.
You don't have enough magic to cast that spell.
Casting: Flame Tongue (safe; 8% risk of failure)
Confirm with . or Enter, or press ? or * to list all spells.
You don't have enough magic to cast that spell.
You hit the goblin but do no damage.
The goblin is moderately wounded.
The goblin barely misses you. The goblin hits you but does no damage.
You hit the goblin.
You kill the goblin!
You have reached level 2!
Your demonic ancestry asserts itself...
Your fingernails lengthen.
Are you sure you want to abandon this character and quit the game? (Confirm

##.#.#.# #.
777777777777777..#.#.#
#.
.......<.........#.#.#
#.
777777777777777..#.#.#
#. #####...# #.
.....#.# #. #.#.#.# #.
#.).# # #.##. #.@#.#
#.##. #..#.# #.##.
##.#.# #.##. #.#.#
#.##. #...# #.#..
#...# #.#.#
#...###########.#.#
#..>......).....#.#
#.#.#####.........#


There were no monsters in sight!

Vanquished Creatures
  A giant cockroach (D:1)
  A goblin (D:1)
  3 kobolds (D:1)
  2 frilled lizards (D:1)
  2 rats (D:1)
9 creatures vanquished.

Notes
Turn   | Place    | Note
-------+----------+-------------------------------------------
     0 | D:1      | Duffy the Demonspawn Fire Elementalist began the quest for
                  | the Orb.
     0 | D:1      | Reached XP level 1. HP: 13/13 MP: 3/3
   537 | D:1      | Gained mutation: You have sharp fingernails. [demonic
                  | ancestry]
   537 | D:1      | Reached XP level 2. HP: 18/19 MP: 0/5
   538 | D:1      | Quit the game

Vault maps used:
D:1:      eino_arrival_tree_alley, serial_bayou_lagoon_a, minmay_tiny_reverse_x

Skill      XL: |  1 |
---------------+----+-----
Conjurations   | 2 |  2.1
Dodging        | |  1.7
Stealth        | |  1.7
Spellcasting   | |  2.0
Fire Magic     | |  2.6

Action                   || total
-------------------------++-------
Melee: Whip              ||    13
 Cast: Flame Tongue      ||    14
Armor: Robe              ||     5
Dodge: Dodged            ||     9

Table legend:
 A = Non-vault XP
 B = Vault XP
 C = Vault XP percentage of total XP
 D = Non-vault monster count
 E = Vault monster count
 F = Vault count percentage of total count
                 A         B        C        D         E       F
            +---------+---------+-------+---------+---------+-------
      Total |      11 |       1 |   8.3 |       8 |       1 |  11.1
            +---------+---------+-------+---------+---------+-------
        D:1 |      11 |       1 |   8.3 |       8 |       1 |  11.1
            +---------+---------+-------+---------+---------+-------
